Map: Triton LE

Players

ViBE - Winner!

  • Race: Terran Terran
  • League: Diamond
  • Spawn Location: 5:00

TeamCaptainX

  • Race: Zerg Zerg
  • League: Diamond
  • Spawn Location: 11:00

VOD

Have the link to the VOD?

Description

Time

  • Played on: Dec. 17, 2019, 11:57 p.m.
  • Length: 14:44
Show
View Real Time Build Order
Export as new Build Order

ViBE Terran - Winner!

Build Orders: 2 Factory, Reaper Expand, Mech 

Get SALT Encoding   

  12  0:01  SCV  
  13  0:13  SCV  
  14  0:17  Supply Depot  
  14  0:26  SCV  
  15  0:39  SCV  
  15  0:40  Barracks  
  16  0:46  Refinery  
  16  0:52  SCV  
  17  1:04  SCV  
  18  1:17  SCV  
  19  1:31  Orbital Command  
  19  1:32  Reaper  
  20  1:43  Command Center  
  20  1:58  Refinery  
  20  1:59  SCV  
  21  2:11  SCV  
  21  2:12  Supply Depot  
  21  2:13  Factory  
  22  2:23  SCV  
  22  2:24  Barracks Reactor  
  23  2:35  SCV  
  24  2:48  SCV  
  25  3:00  SCV  
  25  3:01  Factory  
  25  3:04  Orbital Command  
  26  3:11  Barracks Tech Lab  
  26  3:12  SCV  
  27  3:16  Hellion  
  27  3:19  Hellion  
  31  3:24  SCV  
  32  3:36  SCV  
  32  3:37  SCV  
  34  3:46  Hellion x2  
  34  3:47  Factory Tech Lab  
  34  3:48  SCV  
  39  3:49  SCV  
  40  3:59  Factory  
  40  4:00  SCV  
  40  4:01  SCV  
  40  4:02  Supply Depot  
  42  4:08  Supply Depot  
  42  4:12  SCV  
  42  4:13  SCV  
  42  4:15  Supply Depot  
  44  4:24  SCV  
  44  4:25  SCV  
  44  4:27  Cyclone  
  44  4:28  Hellion x2  
  53  4:36  SCV  
  53  4:37  SCV  
  53  4:38  Supply Depot  
  55  4:47  Mag-Field Accelerator  
  55  4:53  Cyclone  
  55  4:54  Hellion x2  
  55  4:56  SCV x2  
  55  4:58  Refinery  
  55  4:59  Refinery  
  64  5:00  Supply Depot  
  64  5:12  Cyclone  
  67  5:19  Command Center  
  67  5:23  Supply Depot  
  67  5:30  Infernal Pre-Igniter  
  67  5:34  Cyclone, Hellion  
  67  5:35  Hellion  
  74  5:48  SCV x2  
  76  5:56  Cyclone  
  79  6:12  Cyclone  
  79  6:13  Hellion x2  
  86  6:18  Supply Depot  
  86  6:19  SCV, Supply Depot x2  
  86  6:20  SCV  
  88  6:33  Cyclone  
  88  6:34  Hellion x2  
  95  6:43  SCV x2  
  95  6:44  Cyclone  
  100  6:52  Command Center  
  100  6:55  SCV x2  
  98  7:07  SCV, Orbital Command  
  99  7:12  Armory  
  99  7:13  SCV, Armory  
  100  7:19  SCV  
  101  7:31  Cyclone x2, Hellion x2  
  101  7:33  SCV x2  
  113  7:48  SCV x2  
  113  7:52  Factory x2  
  113  7:56  Factory  
  113  7:57  Factory  
  113  7:59  Hellion x2  
  113  8:04  Siege Tank x2  
  123  8:09  SCV x2  
  125  8:13  Refinery  
  125  8:15  Refinery  
  111  8:32  SCV x2  
  111  8:34  Hellion x2  
  115  8:36  Cyclone x2  
  121  8:42  SCV  
  121  8:46  Command Center  
  121  8:47  Factory Tech Lab x2  
  122  8:48  Factory Reactor, Factory Tech Lab  
  122  8:58  SCV x2  
  122  8:59  SCV  
  125  9:10  SCV x2  
  125  9:11  SCV, Siege Tank x3  
  125  9:15  Command Center  
  137  9:22  SCV x2  
  137  9:23  SCV  
  140  9:28  Supply Depot x3, Terran Vehicle And Ship Armor Level 1, Terran Vehicle Weapons Level 1  
  140  9:30  Supply Depot  
  140  9:32  Supply Depot  
  140  9:33  Hellion x2  
  140  9:34  Hellion x2  
  148  9:41  Engineering Bay  
  148  9:44  Command Center  
  148  9:49  SCV x3  
  148  9:51  Smart Servos  
  144  10:09  Thor  
  144  10:10  Thor x2  
  144  10:11  Hellbat  
  133  10:31  SCV  
  133  10:32  SCV x2, Planetary Fortress  
  133  10:34  Planetary Fortress  
  136  10:43  SCV, Thor  
  136  10:44  Hellbat x4  
  136  10:46  Thor  
  157  10:56  Planetary Fortress  
  157  11:04  Refinery x3  
  157  11:06  Refinery  
  157  11:07  SCV  
  157  11:08  SCV x2  
  160  11:18  Refinery  
  160  11:19  SCV  
  160  11:20  SCV  
  160  11:21  Refinery  
  162  11:39  Siege Tank x5  
  177  11:41  Hellbat x4  
  185  11:49  Factory x2  
  185  11:50  Factory  
  185  11:54  Command Center  
  185  12:03  SCV x5  
  190  12:26  Siege Tank  
  190  12:27  Siege Tank x2  
  193  12:36  Siege Tank  
  178  12:37  Siege Tank  
  171  12:52  Factory Tech Lab x3  
  171  12:57  Factory  
  171  12:58  Factory, Siege Tank  
  171  12:59  Factory, Siege Tank  
  171  13:01  Factory  
  171  13:02  Factory  
  171  13:04  Factory  
  177  13:08  Thor x2  
  177  13:09  Hellbat  
  177  13:10  Hellbat x2  
  195  13:16  Command Center  
  195  13:24  Siege Tank  
  195  13:25  Hellbat  
  200  13:50  Command Center  
  200  13:53  Command Center  
  200  13:55  Command Center  
  177  14:00  Siege Tank x3  
  172  14:03  Factory Tech Lab x2  
  172  14:04  Factory Reactor x2, Factory Tech Lab x2  
  172  14:06  Siege Tank x2  
Show
View Real Time Build Order
Export as new Build Order

TeamCaptainX Zerg 

Build Orders: Hatch First, Lurkers 

Get SALT Encoding   

  12  0:02  Drone  
  13  0:16  Overlord  
  13  0:17  Drone  
  14  0:35  Drone x2  
  16  0:52  Hatchery, Drone  
  16  1:00  Drone x2  
  18  1:15  Spawning Pool  
  17  1:18  Extractor  
  17  1:24  Drone x2  
  18  1:42  Drone  
  19  1:51  Overlord  
  19  2:02  Queen  
  19  2:07  Queen  
  23  2:09  Drone  
  23  2:10  Drone x2  
  26  2:25  Drone x3  
  29  2:31  Zergling x2  
  29  2:38  Extractor  
  29  2:40  Spore Crawler  
  29  2:42  Spore Crawler  
  29  2:44  Zergling x2  
  28  2:58  Lair  
  29  3:01  Drone x5  
  34  3:06  Roach Warren  
  33  3:18  Drone x2  
  35  3:33  Hatchery  
  34  3:38  Spore Crawler  
  34  3:50  Drone  
  34  3:51  Drone, Overlord x2  
  36  3:56  Glial Reconstitution  
  36  4:04  Evolution Chamber  
  36  4:08  Evolution Chamber  
  34  4:11  Drone  
  34  4:12  Drone x7  
  42  4:25  Spine Crawler  
  42  4:30  Extractor  
  40  4:34  Zerg Missile Weapons Level 1  
  40  4:35  Zerg Ground Armor Level 1  
  40  4:37  Drone x4  
  40  4:38  Drone x2  
  46  4:48  Queen  
  46  4:51  Extractor  
  47  4:57  Drone  
  47  4:58  Drone  
  49  5:03  Roach  
  49  5:04  Roach  
  53  5:14  Drone  
  53  5:15  Drone x2  
  53  5:19  Overseer  
  56  5:22  Roach  
  56  5:26  Overlord x2  
  58  5:38  Overlord x2  
  58  5:46  Overlord x3  
  58  5:53  Metabolic Boost  
  58  5:58  Drone  
  61  6:04  Roach x2  
  61  6:06  Roach x3  
  61  6:07  Roach x5  
  79  6:13  Drone x3  
  82  6:26  Baneling Nest  
  75  6:33  Spine Crawler  
  75  6:34  Roach x4  
  84  6:42  Roach x7  
  84  6:43  Overlord  
  84  6:44  Overlord  
  94  6:50  Zerg Missile Weapons Level 2  
  94  6:53  Zerg Ground Armor Level 2  
  87  7:03  Hydralisk Den  
  87  7:05  Roach x2  
  90  7:15  Zergling x4  
  92  7:16  Ravager x3  
  92  7:18  Zergling x6, Roach x2  
  92  7:19  Zergling x2  
  103  7:31  Roach x2  
  103  7:34  Ravager  
  108  7:42  Overlord x2  
  108  7:53  Overlord x2  
  108  7:55  Hatchery  
  108  7:57  Roach  
  108  7:58  Overlord  
  108  7:59  Overlord  
  108  8:02  Roach  
  110  8:06  Roach x2  
  107  8:24  Roach x4  
  107  8:25  Roach x2  
  107  8:26  Roach  
  105  8:30  Roach x2  
  105  8:34  Roach  
  100  8:37  Roach  
  93  8:56  Ravager x8  
  93  8:59  Zergling x16  
  109  9:14  Zergling x12  
  115  9:21  Grooved Spines, Hydralisk  
  117  9:29  Queen  
  119  9:41  Roach  
  119  9:42  Roach x5  
  131  9:48  Hydralisk x2  
  95  10:16  Roach  
  95  10:17  Roach x4  
  77  10:23  Roach x2  
  77  10:27  Drone x3  
  77  10:28  Drone x4  
  86  10:33  Muscular Augments  
  86  10:35  Drone x3  
  91  10:43  Lurker Den, Roach  
  90  10:55  Drone x9  
  99  11:00  Hatchery  
  99  11:02  Infestation Pit  
  99  11:04  Extractor x2  
  91  11:19  Queen  
  91  11:24  Spine Crawler  
  82  11:31  Hydralisk x4  
  82  11:32  Hydralisk x6  
  102  11:43  Hive  
  102  12:00  Lurker  
  102  12:01  Lurker x3  
  106  12:02  Lurker  
  107  12:09  Lurker  
  108  12:24  Hydralisk x2  
  108  12:29  Hydralisk x3  
  111  12:30  Roach  
  111  12:33  Roach x2  
  111  12:34  Roach  
  115  12:38  Hydralisk x4  
  102  12:45  Hydralisk x2  
  106  12:53  Queen  
  106  12:55  Drone  
  106  12:56  Drone  
  110  12:59  Viper, Hydralisk  
  115  13:19  Queen  
  117  13:22  Lurker x3  
  117  13:26  Extractor  
  119  13:27  Zergling x4  
  119  13:28  Zergling x44  
  119  13:30  Extractor  
  142  13:46  Hydralisk x3  
  145  13:51  Hydralisk x2  
  145  13:52  Hydralisk x3  
  145  13:54  Hydralisk  
  145  13:55  Hydralisk  
  127  14:01  Hydralisk x2  
  99  14:04  Overlord  
  99  14:06  Hydralisk  
  95  14:10  Hydralisk  
  95  14:13  Hydralisk  
  95  14:16  Zergling x2, Lurker x2  
Tags
 
Add a new tag
Caveats
  • Supply blocks, unpowered buildings, or Contaminate may cause inaccurate times.
  • Supply counts are checked every 10 seconds.